 Dungeon Crawl Stone Soup version 0.31-a0-1549-g5ff9445 (webtiles) character file.

Game seed: 10606042425549642598

263 uhhuh the Apothecary (level 6, -2/49 HPs)
             Began as a Naga Alchemist on Jan 1, 2024.
             Incinerated by a bombardier beetle (3 damage)
             ... with a burning spray
             ... on level 4 of the Dungeon on Jan 2, 2024.
             The game lasted 00:12:00 (3306 turns).

uhhuh the Apothecary (Naga Alchemist)               Turns: 3306, Time: 00:12:02

Health: -2/49      AC:  4    Str: 10    XL:     6   Next: 19%
Magic:  6/9        EV:  9    Int: 18    God:
Gold:   168        SH:  0    Dex: 11    Spells: 6/9 levels left

rFire   . . .        v - +8 mace of Ylefas {chaos, Stlth+}
rCold   . . .        (no shield)
rNeg    . . .        a - +0 robe
rPois   +            (no helmet)
rElec   .            (no cloak)
rCorr   .            s - +0 pair of gloves
SInv    +            (no barding)
Will    +....        (no amulet)
Stlth   ++           g - ring of willpower
HPRegen 0.28/turn    (no ring)
MPRegen 0.11/turn

%: no passive effects
@: on fire, glowing, very slow
A: AC +2, large, see invisible, deformed body, poison resistance, slowness 2,
spit poison 1, naga tail 1
a: Spit Poison


You were on level 4 of the Dungeon.
You visited 1 branch of the dungeon, and saw 4 of its levels.

You collected 168 gold pieces.

Inventory:

Hand Weapons
 r - a +0 spear
 v - the +8 mace of Ylefas (weapon) {chaos, Stlth+}
   (You found it on level 4 of the Dungeon)

   Stlth+:    It makes you more stealthy.
Armour
 a - a +0 robe (worn)
 s - a +0 pair of gloves (worn)
Jewellery
 g - a ring of willpower (left hand)
 u - a +6 ring of strength
Wands
 e - a wand of mindburst (18)
 m - a wand of flame (18)
Scrolls
 c - a scroll of fog {unknown}
 h - 3 scrolls of teleportation {unknown}
 i - 2 scrolls of fear {unknown}
 n - a scroll of torment {unknown}
 o - 2 scrolls of identify {unknown}
 q - 2 scrolls of noise {unknown}
 t - a scroll of revelation {unknown}
Potions
 b - a potion of magic
 d - 3 potions of curing {unknown}
 f - 3 potions of mutation {unknown}
 j - a potion of attraction {unknown}
 k - a potion of resistance {unknown}
 l - a potion of lignification {unknown}
 p - a potion of cancellation {unknown}


   Skills:
 - Level 1.5 Dodging
 - Level 3.0 Stealth
 - Level 2.0 Spellcasting
 + Level 1.2 Conjurations
 + Level 2.4 Air Magic
 + Level 7.3 Alchemy


You had 6 spell levels left.
You knew the following spells:

 Your Spells              Type           Power      Damage    Failure   Level
a - Sting                 Conj/Alch      68%        1d7       3%          1
b - Mercury Vapours       Alch/Air       38%        N/A       3%          2

Your spell library contained the following spells:

 Spells                   Type           Power      Damage    Failure   Level
 Olgreb's Toxic Radiance  Alch           28%        N/A       9%          4
 Mephitic Cloud           Conj/Alch/Air  15%        N/A       12%         3
 Apportation              Tloc           2%         N/A       19%         1
 Necrotise                Necr           4%         1d4       19%         1
 Summon Small Mammal      Summ           4%         N/A       19%         1
 Sticky Flame             Fire/Alch      14%        2d5       38%         4
 Call Canine Familiar     Summ           1%         N/A       47%         3
 Summon Blazeheart Golem  Fire/Summ      1%         N/A       87%         4


Dungeon Overview and Level Annotations

Branches:
Dungeon (4/15)             Temple (0/1) D:4

Altars:
Ashenzari


Innate Abilities, Weirdness & Mutations

Your serpentine skin is tough. (AC +2)
You have supernaturally acute eyesight. (SInv)
Armour fits poorly on your strangely shaped body.
Your system is resistant to poisons. (rPois)
You cover ground very slowly.
You can spit poison.
You have a snake-like lower body.


Message History

The sting hits the iguana.
The iguana looks even sicker.
The iguana is moderately wounded.
The iguana hisses angrily.
A goblin comes into view. It is wielding a +0 club.
The iguana bites you! The iguana attacks as it pursues you!
The iguana closely misses you. The iguana bites you!
The goblin shouts!
The iguana barely misses you.
You kill the iguana!
The iguana attacks as it pursues you! The iguana completely misses you.
The iguana bites you. The iguana closely misses you.
The bombardier beetle sprays incendiary fluid at you.
The burning spray hits you.
You are covered in liquid fire!
You shake off some of the fire as you move.
The liquid fire burns you!
* * * LOW HITPOINT WARNING * * *
You barely miss the iguana. The liquid fire burns you!
* * * LOW HITPOINT WARNING * * *
The iguana barely misses you. The iguana bites you!
* * * LOW HITPOINT WARNING * * *
Casting: Sting (safe; 3% risk of failure)
Confirm with . or Enter, or press ? or * to list all spells.
Aiming: Sting (safe; 3% risk of failure)
Press: ? - help, Shift-Dir - straight line, f - goblin
Aim: a goblin, wielding a +0 club (67% to hit)
Okay, then.
Casting: Sting (safe; 3% risk of failure)
Confirm with . or Enter, or press ? or * to list all spells.
Aiming: Mercury Vapours (safe; 3% risk of failure)
Press: ? - help, Dir - move target, f - bombardier beetle
Aim: a bombardier beetle (chance to weaken: 100%) Fumes of mercury billow around the bombardier beetle!
The bombardier beetle is poisoned.
The bombardier beetle looks weaker.
The goblin looks weaker.
The iguana looks weaker.
The liquid fire burns you!
You die...

..<..#...#....#.#
.....#......###.# ..# ...
.....#....###...##...#....
.....'..#........#...#......
..=..##...##..>.. #.........
......#....#..... ..#.....#
......#....##...###.......#
......#.....#.###gB.......#
......#.....#.#.@l........#
......#####......#........#
...........#.#...#.†......#
...........#.....+........#
.....>.....#.....#........#
.......#.....#........#
##.....#######........#
#..... #........# #.....
#........#


You could see a bombardier beetle (very poisoned, weak), an iguana (weak) and a
goblin (weak).

Vanquished Creatures
  A bullfrog (D:3)
  Jessica (D:2)
  An iguana (D:4)
  An orc wizard (D:3)
  Terence (D:2)
  2 adders (D:2)
  5 ribbon worms
  3 orcs (D:3)
  14 endoplasms
  2 giant cockroaches (D:3)
  3 hobgoblins
  2 jackals (D:1)
  3 quokkas
  8 ball pythons
  4 bats
  2 frilled lizards (D:1)
  5 goblins
  2 kobolds
  6 rats
66 creatures vanquished.

Notes
Turn   | Place    | Note
-------+----------+-------------------------------------------
     0 | D:1      | uhhuh the Naga Alchemist began the quest for the Orb.
     0 | D:1      | Reached XP level 1. HP: 15/15 MP: 3/3
   157 | D:1      | Reached skill level 4 in Alchemy
   217 | D:1      | Reached XP level 2. HP: 22/22 MP: 5/5
   716 | D:1      | Upgraded the game from 0.31-a0-1540-g5a0b83f to
                  | 0.31-a0-1549-g5ff9445
   764 | D:1      | Reached XP level 3. HP: 28/28 MP: 4/6
   798 | D:1      | Reached skill level 5 in Alchemy
  1728 | D:2      | Noticed Terence
  1753 | D:2      | HP: 1/28 [Terence/puff of flame (11)]
  1757 | D:2      | Killed Terence
  1758 | D:2      | Reached skill level 6 in Alchemy
  1758 | D:2      | Reached XP level 4. HP: 3/36 MP: 0/7
  2118 | D:2      | Noticed Jessica
  2130 | D:2      | Killed Jessica
  2131 | D:2      | Reached XP level 5. HP: 37/42 MP: 5/8
  2356 | D:3      | Reached skill level 7 in Alchemy
  2545 | D:3      | Found a broken altar of Ashenzari.
  2633 | D:3      | Learned a level 2 spell: Mercury Vapours
  2728 | D:3      | Reached XP level 6. HP: 36/49 MP: 6/9
  3277 | D:4      | Found a staircase to the Ecumenical Temple.
  3282 | D:4      | Identified the +8 mace of Ylefas {chaos, Stlth+}
  3305 | D:4      | HP: 1/49 [iguana (10)]
  3306 | D:4      | Incinerated by a bombardier beetle

Illustrated notes

Levels and vault maps discovered:
D:1:      doesnt_arrival_eight_statues, layout_loops_ring
D:2:      layout_basic, serial_bayou_pond_c, uniq_jessica, uniq_terence
D:3:      layout_loops_cross, nicolae_ashenzari_skybound, minmay_starry_boxes
D:4:      gammafunk_wand_slinger, layout_gridville, general_overflow_altar,
          minmay_temple_entry_slanted, grunt_tough_drop, uniq_menkaure

Skill      XL: |  1  2  3  4  5 |
---------------+----------------+-----
Alchemy        | 4 6 7 |  7.3
Air Magic      | 2 |  2.4
Dodging        | |  1.5
Stealth        | |  3.0
Spellcasting   | |  2.0
Conjurations   | |  1.2

Action                     |  1- 3 |  4- 6 || total
---------------------------+-------+-------++-------
  Melee: Unarmed           |     1 |       ||     1
         Spear             |       |    10 ||    10
         Mace              |       |     1 ||     1
   Fire: Sling             |    71 |    13 ||    84
   Cast: Sting             |    59 |    45 ||   104
         Mercury Vapours   |       |     1 ||     1
Ability: Spit Poison       |     9 |     3 ||    12
 Armour: Robe              |    37 |    35 ||    72
  Dodge: Dodged            |    27 |    24 ||    51

Table legend: (Time is in decaauts)
 A = Elapsed time spent in this place.
 B = Non-inter-level travel time spent in this place.
 C = Inter-level travel time spent in this place.
 D = Time resting spent in this place.
 E = Time spent auto-exploring this place.
 F = Levels seen in this place.
 G = Mean time per level.
                   A        B        C        D        E       F      G
               +--------+--------+--------+--------+--------+-----+--------+
         Total |   4139 |   3994 |    145 |      5 |   3308 |   4 | 1034.8 |
       Dungeon |   4139 |   3994 |    145 |      5 |   3308 |   4 | 1034.8 |
               +--------+--------+--------+--------+--------+-----+--------+

Top non-repeatable levels by time:
     D:2: 1582 daAuts
     D:1: 1286 daAuts
     D:3: 1133 daAuts
     D:4: 137 daAuts
